 Dungeon Crawl Stone Soup version 0.27-b1-16-g6517624069 (webtiles) character file.

Game seed: 2994749865855390301

51 ubername the Chiller (level 3, -5/24 HPs)
             Began as a Barachi Ice Elementalist on July 26, 2021.
             Slain by an ogre (29 damage)
             ... on level 6 of the Dungeon.
             The game lasted 00:11:10 (3014 turns).

ubername the Chiller (Barachi Ice Elementalist)     Turns: 3014, Time: 00:11:10

Health: -5/24      AC:  3    Str:  9    XL:     3   Next: 81%
Magic:  7/7        EV: 11    Int: 16    God:
Gold:   96         SH:  0    Dex: 12    Spells: 0/7 levels left

rFire    . . .     SeeInvis .   m - +3 short sword
rCold    . . .     Faith    .   (no shield)
rNeg     . . .     Spirit   .   b - +0 leather armour
rPois    .         Reflect  .   (no helmet)
rElec    .         Harm     .   (no cloak)
rCorr    .         Rampage  .   (no gloves)
Will     .....                  (no boots)
Stlth    ++........             (no amulet)
HPRegen  0.08/turn              (no ring)
MPRegen  0.10/turn              (no ring)

@: unable to hop, slow
A: amphibious, slowness 1, strong legs 1, +LOS
a: Hop


You were on level 6 of the Dungeon.
You visited 1 branch of the dungeon, and saw 4 of its levels.

You collected 96 gold pieces.

Inventory:

Hand Weapons
 m - a +3 short sword (weapon)
Missiles
 c - 77 stones
 o - 17 poisoned darts (quivered)
Armour
 a - a +1 robe
 b - a +0 leather armour (worn)
 f - a +4 chain mail
Magical Staves
 e - a staff of fire
 n - a staff of poison
Jewellery
 l - a +4 ring of protection
Scrolls
 d - a scroll of torment
 j - a scroll of enchant armour
Potions
 g - 2 potions of mutation
 h - a potion of curing {unknown}
 k - a potion of ambrosia {unknown}


   Skills:
 * Level 1.6 Armour
 + Level 2.3 Dodging
 + Level 1.9 Stealth
 + Level 2.7 Spellcasting
 + Level 5.6 Ice Magic


You couldn't memorise any spells.
You knew the following spells:

 Your Spells              Type           Power      Damage    Failure   Level
a - Freeze                Ice            80%        1d9       2%          1
b - Frozen Ramparts       Ice            40%        1d6       8%          3
c - Ozocubu's Armour      Ice            20%        N/A       8%          3

Your spell library contained the following spells:

 Spells                   Type           Power      Damage    Failure   Level
 Summon Small Mammal      Summ           8%         N/A       26%         1
 Call Canine Familiar     Summ           2%         N/A       61%         3
 Summon Guardian Golem    Hex/Summ       2%         N/A       61%         3
 Hailstorm                Conj/Ice       11%        3d5       63%         4


Dungeon Overview and Level Annotations

Branches:
Dungeon (3/15)

Altars:

Shops:
D:2 [


Innate Abilities, Weirdness & Mutations

You are amphibious.
You cover ground slowly.
You can hop short distances.
You have an extended range of vision and can be seen from far away.


Message History

Found a potion of mutation.
g - 2 potions of mutation (gained 1)
Found 10 gold pieces.
Found a leather armour.
You now have 96 gold pieces (gained 10).
Found a stone staircase leading down.
You hear the slow rusting of a distant drain.
Found 17 poisoned darts.
You see here a +0 leather armour.
b - a +0 leather armour You see here 17 poisoned darts.
o - 17 poisoned darts You start removing your armour.
You continue taking off your +1 robe. x4
You finish taking off your +1 robe.
You start putting on your armour.
You continue putting on your +0 leather armour. x5
You finish putting on your +0 leather armour.
Casting: Frozen Ramparts (quite dangerous; 8% risk of failure)
Confirm with . or Enter, or press ? or * to list all spells.
Okay, then.
Unknown command.
Unknown command.
Found 24 arrows.
You see here 24 arrows.
An ogre comes into view. It is wielding a +0 giant club.
The ogre shouts!
Hop to where?
Press: ? - help, Dir - move target Boing!
You see here 24 arrows.
You hear the slow rusting of a drain nearby.
There is a stone staircase leading down here.
The ogre completely misses you.
Blink to where?
Press: ? - help, Dir - move target
As you read the scroll of blinking, it crumbles to dust.
There is a stone staircase leading down here.
The ogre hits you with a +0 giant club!!
Ouch! That really hurt!
You die...

# #.# #.# ###### #
###.######## ......
#..........# #.#####
#.#.######.# ......#
#.#.######.####### #.###.##
#.#.##.............
..##...#####.#.##.###.#######.
.....#.......#.##O# #.#
####...####.....@.# #.#
#...........#### #.#
#########.### #.# #.# #.#
#.########.# #..(....O..#
############


You could see an ogre.

Vanquished Creatures
  An adder (D:2)
  A dart slug (D:1)
  2 ball pythons (D:2)
  4 endoplasms
  2 giant cockroaches (D:2)
  5 goblins
  4 hobgoblins
  5 jackals
  2 bats (D:2)
  4 frilled lizards
  4 kobolds
34 creatures vanquished.

Vanquished Creatures (others)
  6 fungi (D:2)
  3 plants (D:2)
9 creatures vanquished.

Grand Total: 43 creatures vanquished

Notes
Turn   | Place    | Note
-------+----------+-------------------------------------------
     0 | D:1      | ubername the Barachi Ice Elementalist began the quest for
                  | the Orb.
     0 | D:1      | Reached XP level 1. HP: 13/13 MP: 3/3
    32 | D:1      | Reached skill level 5 in Ice Magic
   407 | D:1      | Reached XP level 2. HP: 19/19 MP: 3/5
  1697 | D:2      | Found a faded altar of an unknown god.
  1726 | D:2      | Reached skill level 1 in Armour
  1813 | D:2      | Reached XP level 3. HP: 23/24 MP: 2/6
  1875 | D:2      | Learned a level 3 spell: Frozen Ramparts
  1879 | D:2      | Learned a level 3 spell: Ozocubu's Armour
  2075 | D:2      | Found Xocvafag's Antique Armour Shoppe.
  2908 | D:3      | You fall into a shaft and drop 3 floors!
  2984 | D:6      | Noticed an ogre
  3014 | D:6      | Slain by an ogre

Illustrated notes

Levels and vault maps discovered:
D:1:      psy_arrival_conway, layout_basic, chequers_serial_rivers_small_3
D:2:      layout_loops_ring, shapermc_ecumenical_altar_mp_urbaneastern,
          serial_shops, shop, chequers_big_river
D:3:      layout_loops_corners, kiku_gazebo_pond_becter
D:6:      minmay_diamond_boxcup, layout_loops_ring,
          mainiacjoe_overflow_tiny_flanked, lightli_temple_of_fire,
          gup_sewer_entry_bowl, kennysheep_decorative_pillar

Skill      XL: |  1  2 |
---------------+-------+-----
Ice Magic      | 5 |  5.6
Armour         | 1 |  1.6
Dodging        | |  2.3
Stealth        | |  1.9
Spellcasting   | |  2.7

Action                   || total
-------------------------++-------
Melee: Dagger            ||    12
       Short sword       ||     4
 Cast: Freeze            ||    40
       Frozen Ramparts   ||     4
 Abil: Hop               ||     1
  Use: Scroll            ||     8
 Stab: Sleeping          ||     1
Armor: Robe              ||    12
Dodge: Dodged            ||    49
